 Dungeon Crawl Stone Soup version 0.16-a0-286-g6bac339 (webtiles) character file.

65 PolkaDot the Vexing (level 3, 0/24 HPs)
             Began as a Vampire Enchanter on Aug 25, 2014.
             Killed from afar by an orc wizard (3 damage)
             ... with a magic dart
             ... on Level 3 of the Dungeon on Aug 27, 2014.
             The game lasted 00:08:49 (2274 turns).

PolkaDot the Vexing (Vampire Enchanter)             Turns: 2274, Time: 00:08:49

HP   0/24        AC  3     Str  7      XL: 3   Next: 94%
MP   0/6         EV 14     Int 18      God:
Gold 127         SH  0     Dex 14      Spells:  3 memorised,  0 levels left

rFire  . . .     SeeInvis +     a - +1 dagger
rCold  + + .     Clarity  .     b - +1 robe
rNeg   + + +     rCorr    .     (no shield)
rPois  +         rRot     +     (no helmet)
rElec  .         Spirit   .     (no cloak)
SustAb .         Warding  .     (no gloves)
rMut   .         Stasis   .     (no boots)
Gourm  .                        n - cursed amulet of inaccuracy
MR     .....                    (no ring)
                                p - +2 ring of evasion

@: very slightly contaminated, regenerating slowly, not resistant to hostile
enchantments, fairly stealthy
A: fangs 3, see invisible, unbreathing
a: Bat Form


You were on level 3 of the Dungeon.
You were near bloodless.

You visited 1 branch of the dungeon, and saw 3 of its levels.

You collected 127 gold pieces.

Inventory:

Hand weapons
 a - a +1 dagger (weapon)
Armour
 b - a +1 robe (worn)
Scrolls
 e - 2 scrolls of fear {unknown}
 f - a scroll of identify {unknown}
 i - 2 scrolls of fog {unknown}
 j - a scroll of blinking {unknown}
 k - a scroll of remove curse {unknown}
 l - a scroll of immolation {unknown}
Jewellery
 n - a cursed amulet of inaccuracy (around neck)
 p - a +2 ring of evasion (left hand)
Potions
 d - a potion of coagulated blood {@w2}
 g - a potion of heal wounds {unknown}
 h - 2 potions of curing {unknown}
 m - a potion of might {unknown}
 o - a potion of magic {unknown}
Books
 c - a book of Maledictions

   Spells                             Type                      Level
   *Corona                            Hexes                        1
   Sure Blade                         Hexes/Charms                 2
   *Ensorcelled Hibernation           Hexes/Ice                    2
   *Confuse                           Hexes                        3
   Dazzling Spray                     Conjuration/Hexes            3
   Enslavement                        Hexes                        4


   Skills:
 + Level 2.8 Short Blades
 - Level 2.1 Dodging
 + Level 4.6 Stealth
 - Level 2.0 Spellcasting
 * Level 5.4 Hexes
 - Level 1.3 Ice Magic


You couldn't memorise any spells.
You knew the following spells:

 Your Spells              Type           Power        Failure   Level  Hunger
a - Corona                Hex            ###....      1%          1    #......
c - Confuse               Hex            ###.....     10%         3    ####...
d - Ensorcelled Hibernat  Hex/Ice        ##....       10%         2    ##.....


Dungeon Overview and Level Annotations

Branches:
Dungeon (3/15)

Altars:

Annotations:
D:3 Natasha


Innate Abilities, Weirdness & Mutations

You heal slowly.
You have razor-sharp teeth.
You have supernaturally acute eyesight.
You can survive without breathing.


Message History

Aim: an orc priest, wielding a flail and wearing a ring mail The orc priest resists.
* * * LOW MAGIC WARNING * * *
The orc priest calls down the wrath of Beogh upon you.
Pain shoots through your body!
Natasha casts a spell.
Casting: Ensorcelled Hibernation
Confirm with . or Enter, or press ? or * to list all spells.
Aiming: Ensorcelled Hibernation
Press: ? - help, Shift-Dir - straight line, f/p - orc priest
Aim: an orc priest, wielding a flail and wearing a ring mail You miscast Ensorcelled Hibernation.
Frost covers your body.
* * * LOW MAGIC WARNING * * *
The orc priest calls down the wrath of Beogh upon you.
Something smites you!
Ouch! That really hurt!
* * * LOW HITPOINT WARNING * * *
The orc wizard points at you and mumbles some strange words.
The magic dart hits you!
You die...

#....######....
#.........#....#
#.)........##.. #
#.#........... ...
#.#...######.####...#
#.###.######.#.......
#.#
#......h......##..
#.#
#.)o.....5.....5h.
#.#
#.@<..o..#.....##.
#%###.#..##.##o>oo.#
#<.)......#o# .....#
#.........#.# ..o..#
#.........#.# #..o..
#.........#.# ...#
#.>.>.......# ...
#.............#
#.########..#.....


You could see an orc priest, an orc wizard, Natasha and a crimson imp.

Vanquished Creatures
  A worm (D:2)
  3 orcs
  4 giant cockroaches
  7 hobgoblins
  A ball python (D:2)
  7 bats
  A giant gecko (D:2)
  5 giant newts
  9 goblins
  9 kobolds
  8 rats
55 creatures vanquished.

Notes
Turn   | Place    | Note
--------------------------------------------------------------
     0 | D:1      | PolkaDot, the Vampire Enchanter, began the quest for the Orb.
     0 | D:1      | Reached XP level 1. HP: 13/13 MP: 3/3
   384 | D:1      | Reached XP level 2. HP: 19/19 MP: 4/4
   448 | D:1      | Learned a level 2 spell: Ensorcelled Hibernation
  1198 | D:2      | Reached XP level 3. HP: 24/24 MP: 3/6
  1255 | D:2      | Upgraded the game from 0.16-a0-262-g6fc725f to 0.16-a0-286-g6bac339
  1256 | D:2      | Reached skill level 5 in Hexes
  1379 | D:2      | Learned a level 3 spell: Confuse
  1573 | D:2      | Reached skill level 1 in Ice Magic
  2165 | D:3      | Noticed Natasha
  2274 | D:3      | Killed from afar by an orc wizard

Action                   || total
-------------------------++-------
Melee: Dagger            ||   119
 Cast: Corona            ||     6
       Ensorcelled Hiber ||    24
 Stab: Sleeping          ||    25
